 Dungeon Crawl Stone Soup version 0.19-a0-1676-g39ae8cc (webtiles) character file.

756 Goblin1989 the Cudgeler (level 7, -5/57 HPs)
             Began as a Deep Dwarf Wanderer on Sept 23, 2016.
             Was a Follower of Makhleb.
             Slain by an ogre
             ... wielding a +0 giant spiked club
              (8 damage)
             ... on level 7 of the Dungeon.
             The game lasted 00:41:33 (5558 turns).

Goblin1989 the Cudgeler (Deep Dwarf Wanderer)       Turns: 5558, Time: 00:41:33

Health: -5/57      AC: 12    Str: 15 (17) XL:     7   Next: 50%
Magic:  2/2        EV:  2    Int: 10 (12) God:    Makhleb [*.....]
Gold:   255        SH:  0    Dex: -1 (15) Spells: 1 memorised, 7 levels left

rFire  . . .     SeeInvis .     i - +0 morningstar
rCold  + . .     Gourm    .     w - +0 plate armour
rNeg   . . .     Faith    .     q - +1 shield
rPois  .         Spirit   .     k - +0 helmet
rElec  .         Dismiss  .     (no cloak)
rCorr  .         Reflect  .     l - +0 pair of gloves
MR     +....     Harm     .     (no boots)
Stlth  ..........               (no amulet)
                                (no ring)
                                (no ring)

@: non-regenerating, slowed, lost dexterity, very slow
A: damage resistance, recharge devices, agile 1, cold resistance 1, sense
surroundings 1, slow regeneration 3, evolution 1
a: Device Recharging, Renounce Religion


You were on level 7 of the Dungeon.
You worshipped Makhleb.
Makhleb was aware of your devotion.
You were not hungry.

You visited 1 branch of the dungeon, and saw 7 of its levels.
You also visited: Sewer and Ossuary.

You collected 255 gold pieces.

Inventory:

Hand Weapons
 i - a +0 morningstar (weapon)
Armour
 k - a +0 helmet (worn)
 l - a +0 pair of gloves (worn)
 q - a +1 shield (worn)
 w - a +0 plate armour (worn)
Wands
 f - a wand of heal wounds (3/9) (quivered)
Scrolls
 e - 3 scrolls of remove curse
 g - a scroll of summoning {unknown}
 h - 2 scrolls of enchant weapon
 n - 4 scrolls of identify
Potions
 b - 3 potions of brilliance
 d - a potion of heal wounds
 m - a potion of degeneration
 o - 2 potions of flight
 s - 11 potions of curing
Books
 c - the Handbook of Dislocation

   Spells                             Type                      Level
   a - Apportation                    Translocation                1
   b - Portal Projectile              Translocation                3
 p - a book of Spatial Translocations

   Spells                             Type                      Level
   a - Apportation                    Translocation                1
   b - Blink                          Translocation                2
   c - Shroud of Golubria             Charms/Translocation         2
   d - Portal Projectile              Translocation                3
   e - Teleport Other                 Translocation                3
   f - Passage of Golubria            Translocation                4
 x - a book of Debilitation

   Spells                             Type                      Level
   a - Corona                         Hexes                        1
   b - Slow                           Hexes                        2
   c - Gell's Gravitas                Hexes/Translocation          3
   d - Inner Flame                    Hexes/Fire                   3
   e - Cause Fear                     Hexes                        4
   f - Leda's Liquefaction            Hexes/Earth                  4


   Skills:
 + Level 1.0 Fighting
   Level 0.8 Short Blades
 * Level 6.5(6.6) Maces & Flails
   Level 1.0(3.8) Staves
 + Level 0.9 Armour
 - Level 3.2 Dodging
 - Level 2.4 Stealth
 + Level 0.0 Shields
 - Level 1.0 Spellcasting
 - Level 2.1 Translocations
 + Level 5.8 Evocations


You had 7 spell levels left.
You knew the following spells:

 Your Spells              Type           Power        Failure   Level  Hunger
a - Apportation           Tloc           #.........   100%        1    ##.....


Dungeon Overview and Level Annotations

Branches:
Dungeon (7/15)
 Temple: D:4-7

Altars:
Ru

Shops:
D:4 %

Annotations:
D:6 Pikel


Innate Abilities, Weirdness & Mutations

You are resistant to damage.
You can recharge devices by infusing magical energy.
You passively map a small area around you.
You do not regenerate.
You are agile. (Dex +2)
Your flesh is cold resistant. (rC+)
You evolve.


Message History

The black bear claws you but does no damage.
The black bear claws you.
The ogre hits you with a giant spiked club!!
* * * LOW HITPOINT WARNING * * *
You take 22 damage, and have 10/57 hp.
MASSIVE DAMAGE!!
Evoke which item? (* to show all) (? for menu, Esc to quit)
Okay, then.
Charge which item? (? for menu, Esc to quit)
Your wand of heal wounds (0/9) glows for a moment and now has 3 charges.
The black bear bites you.
* * * LOW HITPOINT WARNING * * *
The black bear claws you.
The black bear claws you but does no damage.
The black bear bites you but does no damage.
The black bear claws you.
* * * LOW HITPOINT WARNING * * *
The black bear claws you.
The ogre hits you with a giant spiked club!
You die...

.... , ,..[!.,* * .... #..
.h...#* * ......... #...###
#
#..#..#..#####..#...###.##
, #.............. #......#
, ..............## #......#
..............)# ##......#
...............###.......#*
...........>...O@h.........
...............####......##
...............# ########
#.............##
##...........## *, ,*
######.###### , *
#........# #........#
#........#


You could see a black bear (berserk) and an ogre.

Vanquished Creatures
  Grinder (Sewer)
  A slave (D:6)
  A big kobold (Sewer)
  2 water moccasin zombies (Ossuary)
  A crimson imp (D:5)
  A quasit (Sewer)
  A jelly (D:6)
  A hound (D:4)
  A bullfrog skeleton (D:6)
  4 big kobold zombies
  A hound zombie (D:6)
  2 mummies (Ossuary)
  4 adders
  3 shadow imps
  5 ufetubi (Sewer)
  An ooze (Sewer)
  4 adder zombies
  3 worms
  A dart slug (D:1)
  3 leopard geckos
  4 orcs
  6 giant cockroaches
  10 hobgoblins
  7 jackals
  20 kobolds
  6 quokkas
  A ball python (D:1)
  9 bats
  11 frilled lizards
  A giant cockroach zombie (Sewer)
  2 gnoll zombies (Ossuary)
  9 goblins
  3 hobgoblin zombies (Ossuary)
  3 kobold zombies
  7 orc zombies (Ossuary)
  A quokka zombie (D:5)
  4 rats
145 creatures vanquished.

Vanquished Creatures (others)
  A big kobold zombie (Sewer)
  A kobold zombie (Sewer)
2 creatures vanquished.

Grand Total: 147 creatures vanquished

Notes
Turn   | Place    | Note
-------+----------+-------------------------------------------
     0 | D:1      | Goblin1989 the Deep Dwarf Wanderer began the quest for the Orb.
     0 | D:1      | Goblin1989 set off with: a +2 leather armour, a potion of lignification, the Handbook of Dislocation, a +0 club, a +0 dagger, a wand of heal wounds (5/9), a bread ration
     0 | D:1      | Reached XP level 1. HP: 18/18 MP: 2/2
     2 | D:1      | Identified the Handbook of Dislocation
     4 | D:1      | Learned a level 1 spell: Apportation
   338 | D:1      | Reached skill level 1 in Evocations
   392 | D:1      | Reached XP level 2. HP: 20/25 MP: 3/3
   490 | D:1      | Reached skill level 1 in Maces & Flails
  1234 | D:2      | Reached XP level 3. HP: 28/31 MP: 4/4
  1538 | D:2      | Reached skill level 2 in Maces & Flails
  2166 | D:3      | Reached XP level 4. HP: 29/38 MP: 6/6
  2738 | D:4      | Found a glowing drain.
  2742 | Sewer    | Entered a sewer
  2748 | Sewer    | Reached skill level 3 in Maces & Flails
  2996 | Sewer    | Reached XP level 5. HP: 40/44 MP: 6/6
  3095 | Sewer    | Found a burning altar of Makhleb.
  3098 | Sewer    | Noticed Grinder
  3161 | Sewer    | Gained mutation: You can translocate small distances at will. [potion of mutation]
  3161 | Sewer    | Gained mutation: You evolve. [potion of mutation]
  3161 | Sewer    | Gained mutation: You are weak. (Str -2) [potion of mutation]
  3224 | Sewer    | Lost dexterity.
  3247 | Sewer    | Reached skill level 4 in Maces & Flails
  3260 | Sewer    | Reached XP level 6. HP: 45/51 MP: 6/8
  3273 | Sewer    | Killed Grinder
  3273 | Sewer    | Reached skill level 5 in Maces & Flails
  3320 | Sewer    | Became a worshipper of Makhleb the Destroyer
  3483 | Sewer    | Gained mutation: Your flesh is cold resistant. (rC+) [evolution]
  3657 | D:4      | Reached skill level 5 in Evocations
  3761 | D:4      | Found Femaokk's Food Shoppe.
  3792 | D:5      | Entered Level 5 of the Dungeon
  3914 | D:5      | Got a slimy dagger
  3915 | D:5      | Identified the +8 dagger of Xieshyck {freeze, rElec Str-3 Int+7} (You found it on level 5 of the Dungeon)
  4068 | D:5      | Found a sand-covered staircase.
  4072 | Ossuary  | Entered an ossuary
  4166 | Ossuary  | Reached XP level 7. HP: 50/57 MP: 6/8
  4340 | Ossuary  | Reached * piety under Makhleb
  4400 | Ossuary  | Reached skill level 6 in Maces & Flails
  4605 | Ossuary  | Lost dexterity.
  4616 | Ossuary  | Lost mutation: You are weak. (Str -2) [potion of mutation]
  4616 | Ossuary  | Lost mutation: You can translocate small distances at will. [potion of mutation]
  4616 | Ossuary  | Gained mutation: You are agile. (Dex +2) [potion of mutation]
  5125 | D:6      | Noticed Pikel
  5131 | D:6      | Lost dexterity.
  5170 | D:6      | Identified a scroll of acquirement
  5402 | D:7      | Found a sacrificial altar of Ru.
  5558 | D:7      | Slain by an ogre

Vault maps used:
D:1:      dpeg_arrival_houses_and_road
D:2:      grunt_ministairs_1
D:4:      kennysheep_mini, serial_shops, shop_statue, shop_statue,
          kennysheep_little_box, shop, gup_sewer_entry_bowl
D:5:      first_bread, lightli_ossuary_entry_decrepit_ruins,
          small_statue_intersection
D:6:      zin_statuary, hangedman_decor_peaks_small, uniq_grinder,
          uniq_menkaure, uniq_prince_ribbit1, uniq_edmund, uniq_pikel
D:7:      nicolae_overflow_crystal_walls, uniq_crazy_yiuf_cottage
Sewer:    kennysheep_sewer_church
Ossuary:  ossuary_tomb_2

Skill      XL: |  1  2  3  4  5  6  7 |
---------------+----------------------+-----
Evocations     | 1 2 3 4 5 |  5.8
Maces & Flails | 1 2 3 4 5 6 |  6.5
Fighting       | |  1.0
Short Blades   | |  0.8
Staves         | |  1.0
Armour         | |  0.9
Dodging        | |  3.2
Stealth        | |  2.4
Spellcasting   | |  1.0
Translocations | |  2.1

Action                   |  1- 3 |  4- 6 |  7- 9 || total
-------------------------+-------+-------+-------++-------
Melee: Club              |   226 |   702 |       ||   928
       Whip              |       |    70 |   459 ||   529
       Dagger            |       |    42 |    30 ||    72
       Morningstar       |       |       |    23 ||    23
 Abil: Device Recharging |       |     3 |     6 ||     9
Evoke: Wand              |     3 |    18 |    20 ||    41
  Use: Scroll            |       |     8 |     4 ||    12
       Potion            |       |    11 |     6 ||    17
 Stab: Sleeping          |     1 |       |       ||     1
       Invisible         |       |     6 |       ||     6
  Eat: Chunk             |     2 |       |     2 ||     4
       Bread ration      |     1 |     2 |     1 ||     4
       Pizza             |       |       |     1 ||     1
Armor: Ring mail         |    99 |   967 |       ||  1066
       Leather armour    |     1 |       |       ||     1
       Skin              |       |    76 |       ||    76
       Plate armour      |       |   126 |   622 ||   748
Dodge: Dodged            |   156 |   671 |    82 ||   909
Block: Shield            |       |       |    14 ||    14
